[Event "Fagernes Chess GM-Swiss 2025"]
[Site "Fagernes"]
[Date "2025.04.13"]
[Round "1.1"]
[White "Kantor, Gergely"]
[Black "Hedman, Erik"]
[Result "1-0"]
[Annotator "ChessBase"]
[ECO "C41"]
[WhiteElo "2578"]
[BlackElo "2276"]
[PlyCount "67"]
[EventDate "2025.04.12"]
[EventCountry "NOR"]
[SourceTitle "playchess.com"]
[Source "ChessBase"]
[SourceQuality "1"]
[TimeControl "40/6000+30:2400+30"]

1. e4 d6 2. d4 Nf6 3. Nc3 e5 4. Nf3 Nbd7 5. Rg1 c6 6. g4 h6 7. Be3 b5 8. a3 a6 9. Qe2 Qc7 10. h4 h5 11. gxh5 Nxh5 12. Bh3 g6 13. O-O-O Ndf6 14. Bxc8 Rxc8 15. Rg5 Nh7 16. Rg2 Be7 17. Kb1 Rd8 18. Ng5 N7f6 19. Rgg1 Rb8 20. Qf1 a5 21. b3 O-O 22. Qg2 Qc8 23. Nf3 Qe6 24. Bh6 Ng7 25. Ng5 Qc8 26. Ne2 Nfh5 27. Nxf7 Qe6 28. Bxg7 Rxf7 29. Bh6 Bxh4 30. Qxg6+ Qxg6 31. Rxg6+ Kh7 32. Rxd6 Nf6 33. Be3 Nxe4 34. Rh6+ 1-0

[Event "Fagernes Chess GM-Swiss 2025"]
[Site "Fagernes"]
[Date "2025.04.13"]
[Round "1.2"]
[White "Gandrud, Vegar Koi"]
[Black "Ghosh, Diptayan"]
[Result "1/2-1/2"]
[Annotator "ChessBase"]
[ECO "A14"]
[WhiteElo "2273"]
[BlackElo "2573"]
[PlyCount "158"]
[EventDate "2025.04.12"]
[EventCountry "NOR"]
[SourceTitle "playchess.com"]
[Source "ChessBase"]
[SourceQuality "1"]
[TimeControl "40/6000+30:2400+30"]

1. d4 Nf6 2. c4 e6 3. Nf3 d5 4. g3 Be7 5. Bg2 O-O 6. O-O c6 7. Nc3 a5 8. b3 b6 9. Bb2 Ba6 10. a4 Nbd7 11. Nd2 Bb4 12. Qc2 Rc8 13. e4 dxc4 14. bxc4 e5 15. Na2 Bxd2 16. Qxd2 exd4 17. Qxd4 Nc5 18. e5 Qxd4 19. Bxd4 Nfd7 20. Rfb1 Bxc4 21. Bxc5 Nxc5 22. Rxb6 Nd7 23. Rxc6 Rxc6 24. Bxc6 Nxe5 25. Bg2 Rb8 26. Nc3 Kf8 27. Re1 Nd3 28. Re4 Be6 29. Bf1 Rc8 30. Bxd3 Rxc3 31. Rd4 Rc5 32. f4 h6 33. Kf2 Ke7 34. h4 Rc3 35. Ke3 Ra3 36. Ke2 Ra2+ 37. Ke3 Ra3 38. Kf2 Ra2+ 39. Ke3 Ra3 40. Kf2 Bd7 41. Bb5 Bxb5 42. axb5 Rb3 43. Rc4 Rxb5 44. Rc7+ Ke6 45. Ra7 h5 46. Kg2 g6 47. Kh3 Rc5 48. Kg2 Rf5 49. Kf3 Rb5 50. Kg2 f6 51. Ra6+ Kf5 52. Kh3 Rc5 53. Ra7 Rd5 54. Ra6 Rb5 55. Ra7 Ke4 56. Ra6 Rf5 57. Kg2 g5 58. hxg5 fxg5 59. fxg5 Rxg5 60. Kf2 Kd3 61. Ra8 Kc4 62. Ke2 Kb3 63. Rb8+ Ka3 64. Kd2 a4 65. Rh8 Kb2 66. Rb8+ Ka2 67. Rb4 a3 68. Kc2 Rxg3 69. Rh4 Rg5 70. Kc3 Rg3+ 71. Kc2 Rg2+ 72. Kc3 Rg1 73. Rxh5 Kb1 74. Rb5+ Ka1 75. Kc2 Rg2+ 76. Kc1 Rb2 77. Rc5 Rb8 78. Rc7 a2 79. Kc2 Ra8 1/2-1/2

[Event "Fagernes Chess GM-Swiss 2025"]
[Site "Fagernes"]
[Date "2025.04.13"]
[Round "1.3"]
[White "Gopal G.N."]
[Black "Ostensen, Nicolai Maxime"]
[Result "1-0"]
[Annotator "ChessBase"]
[ECO "C90"]
[WhiteElo "2556"]
[BlackElo "2260"]
[PlyCount "75"]
[EventDate "2025.04.12"]
[EventCountry "NOR"]
[SourceTitle "playchess.com"]
[Source "ChessBase"]
[SourceQuality "1"]
[TimeControl "40/6000+30:2400+30"]

1. e4 e5 2. Nf3 Nc6 3. Bb5 a6 4. Ba4 Nf6 5. O-O b5 6. Bb3 Be7 7. Re1 O-O 8. d3 d6 9. c3 Na5 10. Bc2 c5 11. Nbd2 Nc6 12. Nf1 Re8 13. Ng3 Bf8 14. h3 h6 15. d4 g6 16. d5 Nb8 17. a4 Bb7 18. b3 Nbd7 19. Be3 Qc7 20. Qe2 c4 21. bxc4 bxc4 22. a5 Rab8 23. Nd2 Rec8 24. Reb1 Nc5 25. Nxc4 Nfd7 26. Rb4 f5 27. exf5 Bxd5 28. Nb6 Nxb6 29. axb6 Rxb6 30. Rg4 Bf7 31. fxg6 Be6 32. Nf5 Bg7 33. Rh4 Bxf5 34. Bxf5 Rd8 35. Qc4+ d5 36. Qxc5 Rc6 37. Qb4 d4 38. Qb3+ 1-0

[Event "Fagernes Chess GM-Swiss 2025"]
[Site "Fagernes"]
[Date "2025.04.13"]
[Round "1.4"]
[White "Pang, Ethan"]
[Black "Urkedal, Frode Olav Olsen"]
[Result "0-1"]
[Annotator "ChessBase"]
[ECO "C56"]
[WhiteElo "2257"]
[BlackElo "2550"]
[PlyCount "94"]
[EventDate "2025.04.12"]
[EventCountry "NOR"]
[SourceTitle "playchess.com"]
[Source "ChessBase"]
[SourceQuality "1"]
[TimeControl "40/6000+30:2400+30"]

1. e4 e5 2. Nf3 Nc6 3. Bc4 Nf6 4. d4 exd4 5. O-O Nxe4 6. Re1 d5 7. Bxd5 Qxd5 8. Nc3 Qh5 9. Nxe4 Be6 10. Bg5 Bd6 11. Nxd6+ cxd6 12. Bf4 Qc5 13. Ng5 O-O 14. Ne4 Qf5 15. Bxd6 Rfe8 16. Ng3 Qg6 17. Qd3 Red8 18. Ba3 Qxd3 19. cxd3 b5 20. Bc5 Rd5 21. b4 a5 22. a3 Ne5 23. Bb6 Nxd3 24. Red1 Nb2 25. Rxd4 axb4 26. Rxb4 Nc4 27. Be3 Rxa3 28. Rab1 Nxe3 29. fxe3 Bd7 30. R4b3 Rxb3 31. Rxb3 Rd1+ 32. Kf2 Rd2+ 33. Kf3 g6 34. Ne2 Bc6+ 35. e4 Bxe4+ 36. Ke3 Bd5 37. Rb4 Rc2 38. Kd3 Ra2 39. Rxb5 Bxg2 40. Ke3 Bf1 41. Rb8+ Kg7 42. Ng3 Bh3 43. Rb4 h5 44. Rh4 Bg4 45. h3 Be6 46. Kf3 Bd5+ 47. Ke3 Ra3+ 0-1

[Event "Fagernes Chess GM-Swiss 2025"]
[Site "Fagernes"]
[Date "2025.04.13"]
[Round "1.5"]
[White "Jumabayev, Rinat"]
[Black "Oksendal, Martin"]
[Result "1-0"]
[Annotator "ChessBase"]
[ECO "A16"]
[WhiteElo "2549"]
[BlackElo "2250"]
[PlyCount "107"]
[EventDate "2025.04.12"]
[EventCountry "NOR"]
[SourceTitle "playchess.com"]
[Source "ChessBase"]
[SourceQuality "1"]
[TimeControl "40/6000+30:2400+30"]

1. Nf3 Nf6 2. g3 g6 3. Bg2 Bg7 4. c4 O-O 5. Nc3 d5 6. cxd5 Nxd5 7. h4 e5 8. Qb3 Nb6 9. d3 Nc6 10. Bg5 Qe8 11. Nb5 e4 12. dxe4 Qxe4 13. Nxc7 Nd4 14. Nxd4 Qxg2 15. Qf3 Qxf3 16. Nxf3 Rb8 17. Be7 Bd7 18. Bxf8 Rxf8 19. O-O Rc8 20. Rac1 Bc6 21. b4 a6 22. Rxc6 bxc6 23. Nxa6 Ra8 24. Nc5 Rxa2 25. Rd1 Bc3 26. Rd8+ Kg7 27. Rb8 Nd5 28. e4 Nxb4 29. Rb7 Kg8 30. Ng5 Be1 31. Nd7 Bxf2+ 32. Kf1 Bxg3 33. Nf6+ Kh8 34. Rxf7 Rf2+ 35. Kg1 Rxf6 36. Rxf6 Bxh4 37. Rf8+ Kg7 38. Ne6+ Kh6 39. Rf4 Be7 40. Rf7 Bd6 41. Kg2 Be5 42. Kf3 Nd3 43. Rd7 Nb2 44. Nd8 Nc4 45. Nxc6 g5 46. Re7 Bf6 47. Rd7 Kg6 48. Rd5 h5 49. e5 g4+ 50. Ke2 Bh4 51. e6 Nb6 52. Re5 Be7 53. Nxe7+ Kf6 54. Nc6 1-0

[Event "Fagernes Chess GM-Swiss 2025"]
[Site "Fagernes"]
[Date "2025.04.13"]
[Round "1.6"]
[White "Aamodt, Peder Marcus"]
[Black "Raja Rithvik R"]
[Result "0-1"]
[Annotator "ChessBase"]
[ECO "E04"]
[WhiteElo "2242"]
[BlackElo "2538"]
[PlyCount "80"]
[EventDate "2025.04.12"]
[EventCountry "NOR"]
[SourceTitle "playchess.com"]
[Source "ChessBase"]
[SourceQuality "1"]
[TimeControl "40/6000+30:2400+30"]

1. d4 d5 2. c4 e6 3. Nf3 Nf6 4. g3 dxc4 5. Bg2 a6 6. Ne5 Bb4+ 7. Nc3 Nd5 8. O-O O-O 9. Ne4 c3 10. Qc2 cxb2 11. Bxb2 Be7 12. Rfc1 a5 13. Nc5 c6 14. e4 Nf6 15. a4 b6 16. Ncd3 Bb7 17. Rd1 Nfd7 18. Rac1 Ra7 19. h4 Ba8 20. Qb3 Rc7 21. d5 cxd5 22. exd5 Rxc1 23. Bxc1 Bxd5 24. Bxd5 exd5 25. Qxd5 Nxe5 26. Nxe5 Qxd5 27. Rxd5 f6 28. Nd3 Rd8 29. Nf4 Rxd5 30. Nxd5 Bc5 31. Bf4 Nd7 32. Kg2 Kf7 33. g4 Ne5 34. g5 Nc4 35. gxf6 gxf6 36. Bc7 Ke6 37. Nc3 Nb2 38. Kf3 Bb4 39. Ne4 Nxa4 40. Bd8 Be7 0-1

[Event "Fagernes Chess GM-Swiss 2025"]
[Site "Fagernes"]
[Date "2025.04.13"]
[Round "1.7"]
[White "Makhnev, Denis"]
[Black "Skotheim, Andreas"]
[Result "1/2-1/2"]
[Annotator "ChessBase"]
[ECO "B36"]
[WhiteElo "2537"]
[BlackElo "2229"]
[PlyCount "114"]
[EventDate "2025.04.12"]
[EventCountry "NOR"]
[SourceTitle "playchess.com"]
[Source "ChessBase"]
[SourceQuality "1"]
[TimeControl "40/6000+30:2400+30"]

1. Nf3 c5 2. c4 g6 3. d4 cxd4 4. Nxd4 Nc6 5. e4 Nf6 6. Nc3 d6 7. Be2 Nxd4 8. Qxd4 Bg7 9. Be3 O-O 10. Qd2 a5 11. Rd1 a4 12. f3 Qa5 13. Nb5 Be6 14. Qxa5 Rxa5 15. Nc7 Nd7 16. Nxe6 fxe6 17. Rb1 Rc8 18. O-O Ne5 19. f4 Nc6 20. Bg4 Kf7 21. e5 Nd8 22. b4 axb3 23. axb3 dxe5 24. Bb6 Ra6 25. fxe5+ Ke8 26. Bf2 Bxe5 27. c5 Ra2 28. b4 Rd2 29. Kh1 Bd4 30. Be1 Rc2 31. Rf4 Bf6 32. Rf2 Rxf2 33. Bxf2 Ra8 34. Kg1 Ra1 35. Rxa1 Bxa1 36. b5 Kd7 37. Kf1 Kc7 38. Ke2 Be5 39. h4 Kd7 40. Kd3 Bf4 41. Bf3 Kc8 42. Ke4 Bc1 43. Bg3 Ba3 44. Kd4 Bb2+ 45. Kc4 Nf7 46. b6 Ne5+ 47. Kb5 Nxf3 48. gxf3 e5 49. c6 Bd4 50. Be1 Be3 51. Bb4 g5 52. Bxe7 gxh4 53. Bxh4 h5 54. c7 Kd7 55. Ka5 Kc8 56. Kb5 Kd7 57. Ka5 Kc8 1/2-1/2

[Event "Fagernes Chess GM-Swiss 2025"]
[Site "Fagernes"]
[Date "2025.04.13"]
[Round "1.8"]
[White "Southcott-Moyers, Indy"]
[Black "Kulaots, Kaido"]
[Result "1/2-1/2"]
[Annotator "ChessBase"]
[ECO "E11"]
[WhiteElo "2227"]
[BlackElo "2510"]
[PlyCount "58"]
[EventDate "2025.04.12"]
[EventCountry "NOR"]
[SourceTitle "playchess.com"]
[Source "ChessBase"]
[SourceQuality "1"]
[TimeControl "40/6000+30:2400+30"]

1. d4 Nf6 2. c4 e6 3. Nf3 Bb4+ 4. Bd2 a5 5. a3 Bxd2+ 6. Qxd2 O-O 7. Nc3 d5 8. e3 Nbd7 9. Rc1 c6 10. Bd3 Qe7 11. cxd5 exd5 12. Qc2 Re8 13. O-O Nf8 14. Na4 Ng6 15. Nb6 Ra7 16. Qc5 Qxc5 17. dxc5 Nd7 18. Nxd7 Bxd7 19. Bxg6 hxg6 20. Nd4 a4 21. Rc3 g5 22. f4 gxf4 23. Rxf4 Kf8 24. Nf3 Ke7 25. e4 dxe4 26. Rxe4+ Kf8 27. Rxe8+ Kxe8 28. Ne5 Be6 29. Nc4 Bxc4 1/2-1/2

[Event "Fagernes Chess GM-Swiss 2025"]
[Site "Fagernes"]
[Date "2025.04.13"]
[Round "1.9"]
[White "Ghasi, Ameet K"]
[Black "Eliseev, Sergey"]
[Result "1/2-1/2"]
[Annotator "ChessBase"]
[ECO "D02"]
[WhiteElo "2502"]
[BlackElo "2226"]
[PlyCount "147"]
[EventDate "2025.04.12"]
[EventCountry "NOR"]
[SourceTitle "playchess.com"]
[Source "ChessBase"]
[SourceQuality "1"]
[TimeControl "40/6000+30:2400+30"]

1. Nf3 d5 2. g3 Nf6 3. Bg2 c6 4. O-O Bg4 5. d4 e6 6. h3 Bh5 7. c4 Be7 8. Nc3 Ne4 9. Qb3 Qb6 10. Nxe4 dxe4 11. Ne5 Qxb3 12. axb3 f6 13. g4 fxe5 14. gxh5 exd4 15. e3 e5 16. exd4 exd4 17. Bxe4 O-O 18. Bd2 Nd7 19. Rae1 Bd6 20. h6 g6 21. f4 Nc5 22. Bc2 Rae8 23. Rxe8 Rxe8 24. Bd1 Ne4 25. Be1 d3 26. Kg2 d2 27. Bh4 Bb4 28. f5 g5 29. f6 Re6 30. Bg3 Nxf6 31. Bf2 Ne4 32. Bxa7 Rxh6 33. Be3 Re6 34. Bc2 h6 35. Rd1 Nf6 36. Kf3 Rd6 37. Ke2 Nh5 38. Kf3 Nf4 39. h4 Ne6 40. hxg5 hxg5 41. Ke4 Rd7 42. Rg1 Kf7 43. Bd1 Re7 44. Kd3 Nf4+ 45. Bxf4 gxf4 46. Rg4 Rd7+ 47. Ke4 Bd6 48. c5 Bc7 49. b4 Kf6 50. Rg8 Be5 51. Rf8+ Kg7 52. Re8 Bxb2 53. Kxf4 Bc3 54. Ke3 Bxb4 55. Re5 Kf6 56. Rh5 Rg7 57. Rh4 Ba5 58. Ra4 Re7+ 59. Kd3 Rd7+ 60. Kc2 Bc7 61. Bf3 Bg3 62. Kd1 Be5 63. Kc2 Kg5 64. Rg4+ Kf5 65. Rg2 Kf4 66. Bd1 Rd5 67. Rxd2 Rxc5+ 68. Kb1 b5 69. Rc2 Rxc2 70. Kxc2 c5 71. Bh5 c4 72. Be8 b4 73. Bf7 c3 74. Bb3 1/2-1/2

[Event "Fagernes Chess GM-Swiss 2025"]
[Site "Fagernes"]
[Date "2025.04.13"]
[Round "1.10"]
[White "Brattgjerd, Isak Vinh"]
[Black "Rozentalis, Eduardas"]
[Result "1/2-1/2"]
[Annotator "ChessBase"]
[ECO "B04"]
[WhiteElo "2202"]
[BlackElo "2481"]
[PlyCount "75"]
[EventDate "2025.04.12"]
[EventCountry "NOR"]
[SourceTitle "playchess.com"]
[Source "ChessBase"]
[SourceQuality "1"]
[TimeControl "40/6000+30:2400+30"]

1. e4 Nf6 2. e5 Nd5 3. d4 d6 4. Nf3 g6 5. Be2 Bg7 6. c4 Nb6 7. exd6 cxd6 8. h3 O-O 9. O-O Bf5 10. Nc3 Nc6 11. Be3 d5 12. c5 Nc4 13. Bc1 b6 14. cxb6 axb6 15. b3 Nd6 16. Bf4 Ne4 17. Nb5 Na7 18. Nxa7 Rxa7 19. a4 Qa8 20. Rc1 Rc8 21. g4 Bd7 22. Qd3 Nd6 23. Ne5 Be8 24. Qf3 Rxc1 25. Rxc1 b5 26. axb5 Bxb5 27. Bxb5 Nxb5 28. Qd3 Rb7 29. Rc5 Nd6 30. Nc6 Bf8 31. Bxd6 exd6 32. Rc3 Rc7 33. Qc2 Qa6 34. Kg2 Qb6 35. Nb4 Rxc3 36. Qxc3 Qb7 37. Nc2 Bg7 38. Qf3 1/2-1/2

[Event "Fagernes Chess GM-Swiss 2025"]
[Site "Fagernes"]
[Date "2025.04.13"]
[Round "1.11"]
[White "Kvaloy, Aksel Bu"]
[Black "Andersen, Morten"]
[Result "1-0"]
[Annotator "ChessBase"]
[ECO "B07"]
[WhiteElo "2481"]
[BlackElo "2200"]
[PlyCount "75"]
[EventDate "2025.04.12"]
[EventCountry "NOR"]
[SourceTitle "playchess.com"]
[Source "ChessBase"]
[SourceQuality "1"]
[TimeControl "40/6000+30:2400+30"]

1. d4 Nf6 2. Nf3 g6 3. Bg5 Bg7 4. Nbd2 O-O 5. c3 h6 6. Bh4 d6 7. e4 Nbd7 8. Bd3 e5 9. O-O Qe8 10. Re1 Nh5 11. Bf1 Kh8 12. Nc4 b6 13. dxe5 Nxe5 14. Nfxe5 dxe5 15. Ne3 Nf4 16. Qc2 a5 17. a4 Ba6 18. Bxa6 Rxa6 19. Rad1 Ra8 20. Nd5 Nxd5 21. Rxd5 Qe6 22. Qd3 f5 23. f3 f4 24. Rd7 g5 25. Bf2 Rac8 26. Rd1 Bf6 27. Qd5 Qxd5 28. R1xd5 Kg8 29. Kf1 Rf7 30. Ke2 Kf8 31. c4 c5 32. R7d6 Rb8 33. Be1 Kg7 34. Bc3 Re7 35. Rc6 Kf7 36. Rdd6 Bg7 37. Rxb6 Reb7 38. Rd7+ 1-0

[Event "Fagernes Chess GM-Swiss 2025"]
[Site "Fagernes"]
[Date "2025.04.13"]
[Round "1.12"]
[White "Westrum, Kim Roger Hansen"]
[Black "Blomqvist, Erik"]
[Result "0-1"]
[Annotator "ChessBase"]
[ECO "C13"]
[WhiteElo "2193"]
[BlackElo "2475"]
[PlyCount "66"]
[EventDate "2025.04.12"]
[EventCountry "NOR"]
[SourceTitle "playchess.com"]
[Source "ChessBase"]
[SourceQuality "1"]
[TimeControl "40/6000+30:2400+30"]

1. e4 e6 2. d4 d5 3. Nc3 Nf6 4. Bg5 dxe4 5. Nxe4 Bd7 6. a4 Be7 7. Bxf6 gxf6 8. c3 Bc6 9. Ng3 Qd5 10. Nf3 h5 11. Bd3 h4 12. Be4 Qd6 13. Bxc6+ Qxc6 14. Nf1 h3 15. g3 Nd7 16. Ne3 O-O-O 17. Qe2 a6 18. O-O Nb6 19. a5 Nd5 20. Nxd5 Rxd5 21. Ne1 Rhh5 22. c4 Rdf5 23. f4 Rxa5 24. Nf3 Rxa1 25. Rxa1 Rh8 26. c5 Rd8 27. b4 Kb8 28. Ra5 f5 29. b5 Qe4 30. Kf2 Rxd4 31. Nxd4 Qxd4+ 32. Qe3 Qb4 33. Qe1 Bxc5+ 0-1

[Event "Fagernes Chess GM-Swiss 2025"]
[Site "Fagernes"]
[Date "2025.04.13"]
[Round "1.13"]
[White "Bazakutsa, Svyatoslav"]
[Black "Olsen, William Alexander"]
[Result "1-0"]
[Annotator "ChessBase"]
[ECO "E44"]
[WhiteElo "2474"]
[BlackElo "2188"]
[PlyCount "79"]
[EventDate "2025.04.12"]
[EventCountry "NOR"]
[SourceTitle "playchess.com"]
[Source "ChessBase"]
[SourceQuality "1"]
[TimeControl "40/6000+30:2400+30"]

1. d4 Nf6 2. c4 e6 3. Nc3 Bb4 4. e3 b6 5. Nge2 Bb7 6. a3 Be7 7. d5 O-O 8. Ng3 d6 9. Be2 Nbd7 10. e4 Re8 11. O-O Bf8 12. Be3 g6 13. Re1 Bg7 14. Qc2 h5 15. Nf1 Ng4 16. Rad1 Nxe3 17. Nxe3 Nc5 18. Bf3 a5 19. b4 axb4 20. axb4 Na6 21. Rb1 Qf6 22. Nb5 Qf4 23. Qd1 Rad8 24. g3 Qe5 25. Bg2 exd5 26. Nxd5 c6 27. f4 Qe6 28. Nbc7 Nxc7 29. Nxc7 Qxc4 30. Nxe8 Bd4+ 31. Kh1 Rxe8 32. e5 dxe5 33. fxe5 h4 34. Qg4 h3 35. Qxh3 Bc3 36. Qd7 Qe6 37. Qxb7 Bxe1 38. Rxe1 c5 39. bxc5 bxc5 40. Bd5 1-0

[Event "Fagernes Chess GM-Swiss 2025"]
[Site "Fagernes"]
[Date "2025.04.13"]
[Round "1.14"]
[White "Hebbar, Eshaan"]
[Black "Kaasen, Tor Fredrik"]
[Result "1/2-1/2"]
[Annotator "ChessBase"]
[ECO "D46"]
[WhiteElo "2175"]
[BlackElo "2472"]
[PlyCount "103"]
[EventDate "2025.04.12"]
[EventCountry "NOR"]
[SourceTitle "playchess.com"]
[Source "ChessBase"]
[SourceQuality "1"]
[TimeControl "40/6000+30:2400+30"]

1. d4 Nf6 2. c4 e6 3. Nf3 d5 4. Nc3 c6 5. e3 Nbd7 6. Qc2 Bd6 7. Bd3 O-O 8. O-O dxc4 9. Bxc4 a6 10. a4 Qc7 11. e4 e5 12. dxe5 Nxe5 13. Nxe5 Bxe5 14. h3 Re8 15. Re1 Be6 16. Bd3 Rad8 17. Be3 c5 18. Rad1 h6 19. Bf1 Qc6 20. f3 Qb6 21. Qf2 Qc7 22. Rxd8 Rxd8 23. Qc2 c4 24. Rd1 Rxd1 25. Qxd1 Nh5 26. Bf2 Qe7 27. Nd5 Qg5 28. h4 Qd8 29. Bxc4 Ng3 30. Bc5 Qxh4 31. Ne7+ Kh7 32. Qd8 Qh1+ 33. Kf2 Nxe4+ 34. fxe4 Qh4+ 35. Ke3 Qe1+ 36. Be2 Qc1+ 37. Kf2 Qxc5+ 38. Kf3 f5 39. exf5 Qc1 40. Bd3 Qd1+ 41. Kf2 Qd2+ 42. Kf3 Qf4+ 43. Ke2 Qg4+ 44. Kf1 Qd1+ 45. Kf2 Qd2+ 46. Kf3 Qf4+ 47. Ke2 Qg4+ 48. Kf1 Qd1+ 49. Kf2 Bc4 50. f6+ g6 51. Nxg6 Bxd3 52. Qxd3 1/2-1/2

[Event "Fagernes Chess GM-Swiss 2025"]
[Site "Fagernes"]
[Date "2025.04.13"]
[Round "1.15"]
[White "Willow, Jonah B"]
[Black "Skaar, Ben Samuel Groth"]
[Result "1-0"]
[Annotator "ChessBase"]
[ECO "B31"]
[WhiteElo "2471"]
[BlackElo "2167"]
[PlyCount "79"]
[EventDate "2025.04.12"]
[EventCountry "NOR"]
[SourceTitle "playchess.com"]
[Source "ChessBase"]
[SourceQuality "1"]
[TimeControl "40/6000+30:2400+30"]

1. e4 c5 2. Nf3 Nc6 3. Bb5 g6 4. Bxc6 dxc6 5. d3 Bg7 6. a4 Nf6 7. a5 O-O 8. h3 Qc7 9. Nc3 Rd8 10. Qe2 Rb8 11. O-O Nh5 12. e5 Bh8 13. Re1 Ng7 14. Bf4 Be6 15. Ne4 b6 16. Ra4 Qd7 17. Neg5 Ra8 18. Bd2 Bd5 19. Rh4 h5 20. Rf4 Rf8 21. Bc3 Bxf3 22. Qxf3 Qd5 23. Qg3 Ne6 24. Nxe6 Qxe6 25. Rh4 Bg7 26. f4 Kh7 27. Qf2 Rh8 28. g4 Kg8 29. f5 Qd5 30. gxh5 Rxh5 31. Rxh5 gxh5 32. Re4 Bh6 33. Qh4 Kh7 34. Qxh5 Rg8+ 35. Kh2 Rg5 36. Qf3 e6 37. fxe6 Qxe6 38. Rf4 Rxe5 39. Bxe5 Qxe5 40. Qe4+ 1-0

[Event "Fagernes Chess GM-Swiss 2025"]
[Site "Fagernes"]
[Date "2025.04.13"]
[Round "1.16"]
[White "Torfoss, Sivert Schanche"]
[Black "Urazayev, Arystanbek"]
[Result "0-1"]
[Annotator "ChessBase"]
[ECO "A49"]
[WhiteElo "2141"]
[BlackElo "2467"]
[PlyCount "61"]
[EventDate "2025.04.12"]
[EventCountry "NOR"]
[SourceTitle "playchess.com"]
[Source "ChessBase"]
[SourceQuality "1"]
[TimeControl "40/6000+30:2400+30"]

1. Nf3 Nf6 2. d4 g6 3. g3 Bg7 4. Bg2 O-O 5. O-O d6 6. b3 e5 7. dxe5 dxe5 8. Ba3 e4 9. Bxf8 Qxf8 10. Nd4 e3 11. f3 Nd5 12. c4 c5 13. Nc2 Nb4 14. Nba3 N8c6 15. Nxb4 Nxb4 16. Nb5 Bf5 17. Qd6 Bxa1 18. Rxa1 Rd8 19. Qxf8+ Kxf8 20. Nc3 Rd2 21. g4 Be6 22. Bf1 f5 23. gxf5 Bxf5 24. a3 Nc2 25. Rc1 Nd4 26. b4 Bd3 27. bxc5 Bxe2 28. Nxe2 Rxe2 29. Bg2 Rd2 30. Rb1 e2 31. Bf1 0-1

[Event "Fagernes Chess GM-Swiss 2025"]
[Site "Fagernes"]
[Date "2025.04.13"]
[Round "1.17"]
[White "Hillarp Persson, Tiger"]
[Black "Khoo-Thwe, Louis"]
[Result "1-0"]
[Annotator "ChessBase"]
[ECO "D02"]
[WhiteElo "2462"]
[BlackElo "2118"]
[PlyCount "79"]
[EventDate "2025.04.12"]
[EventCountry "NOR"]
[SourceTitle "playchess.com"]
[Source "ChessBase"]
[SourceQuality "1"]
[TimeControl "40/6000+30:2400+30"]

1. Nf3 d5 2. g3 Nc6 3. d4 Bf5 4. c4 e6 5. Bg2 Nb4 6. O-O Nc2 7. cxd5 Nxa1 8. dxe6 Bxe6 9. Nc3 c6 10. e4 Nf6 11. Be3 Bb4 12. Qd3 Bxc3 13. bxc3 O-O 14. Rxa1 Qa5 15. e5 Nd5 16. Ng5 g6 17. Nxe6 fxe6 18. Bd2 Qa3 19. h4 b5 20. Qc2 Qe7 21. a4 Qf7 22. Bh6 Rfc8 23. axb5 cxb5 24. Bxd5 exd5 25. Ra6 b4 26. Rf6 Rxc3 27. Qb1 Qb7 28. h5 b3 29. hxg6 Rc2 30. g7 Rcc8 31. Qf5 Qe7 32. Qf3 Rd8 33. Qxb3 a5 34. Qf3 a4 35. Qf5 a3 36. Qg5 Qxf6 37. Qxf6 Re8 38. e6 Ra7 39. Qf8+ Rxf8 40. gxf8=Q# 1-0

[Event "Fagernes Chess GM-Swiss 2025"]
[Site "Fagernes"]
[Date "2025.04.13"]
[Round "1.19"]
[White "Mitusov, Semen"]
[Black "Arvola, Daniel"]
[Result "1-0"]
[Annotator "ChessBase"]
[ECO "B90"]
[WhiteElo "2459"]
[BlackElo "2088"]
[PlyCount "77"]
[EventDate "2025.04.12"]
[EventCountry "NOR"]
[SourceTitle "playchess.com"]
[Source "ChessBase"]
[SourceQuality "1"]
[TimeControl "40/6000+30:2400+30"]

1. e4 c5 2. Nf3 d6 3. d4 cxd4 4. Nxd4 Nf6 5. Nc3 a6 6. h3 e5 7. Nf3 Be6 8. Ng5 Be7 9. Nxe6 fxe6 10. Bc4 Qc8 11. Bb3 b5 12. a3 Nc6 13. O-O O-O 14. Ba2 Kh8 15. Re1 Qd7 16. Be3 Rac8 17. Qe2 Na5 18. Rad1 Nc4 19. Bxc4 Rxc4 20. Bg5 Qc6 21. Rd3 b4 22. axb4 Rxb4 23. b3 Rd4 24. Rf3 Rc8 25. Ra1 Nxe4 26. Bxe7 Nxc3 27. Qxa6 Qd7 28. Qa7 Qxa7 29. Rxa7 Ne2+ 30. Kh2 Nf4 31. g3 Ng6 32. Rf7 e4 33. Bg5 Ne5 34. Rxg7 Rd1 35. Rxh7+ Kg8 36. Rag7+ Kf8 37. Be7+ Ke8 38. Rh8+ Kd7 39. Bf6+ 1-0

[Event "Fagernes Chess GM-Swiss 2025"]
[Site "Fagernes"]
[Date "2025.04.13"]
[Round "1.20"]
[White "Holand, Per Fredrik"]
[Black "Dotzer, Lukas"]
[Result "0-1"]
[Annotator "ChessBase"]
[ECO "D00"]
[WhiteElo "2070"]
[BlackElo "2453"]
[PlyCount "46"]
[EventDate "2025.04.12"]
[EventCountry "NOR"]
[SourceTitle "playchess.com"]
[Source "ChessBase"]
[SourceQuality "1"]
[TimeControl "40/6000+30:2400+30"]

1. d4 Nf6 2. Nc3 d5 3. Bf4 a6 4. e3 Bf5 5. Nf3 e6 6. Ne5 Nfd7 7. g4 Bg6 8. Nxg6 hxg6 9. Qf3 c5 10. dxc5 Nc6 11. O-O-O Bxc5 12. h4 Rxh4 13. Rxh4 Qxh4 14. g5 Nde5 15. Qg2 O-O-O 16. Be2 Qh8 17. Qg3 f6 18. e4 d4 19. Na4 Ba7 20. Qb3 b5 21. Bg3 Kc7 22. f4 bxa4 23. Qxe6 Rd6 0-1

[Event "Fagernes Chess GM-Swiss 2025"]
[Site "Fagernes"]
[Date "2025.04.13"]
[Round "1.21"]
[White "Zhou, Yang-Fan"]
[Black "Berget, Eirik"]
[Result "1-0"]
[Annotator "ChessBase"]
[ECO "C02"]
[WhiteElo "2418"]
[BlackElo "2041"]
[PlyCount "95"]
[EventDate "2025.04.12"]
[EventCountry "NOR"]
[SourceTitle "playchess.com"]
[Source "ChessBase"]
[SourceQuality "1"]
[TimeControl "40/6000+30:2400+30"]

1. e4 e6 2. d4 d5 3. e5 c5 4. c3 Nc6 5. Nf3 Nge7 6. Na3 Nf5 7. Nc2 Be7 8. Bd3 O-O 9. O-O cxd4 10. Ncxd4 Ncxd4 11. cxd4 f6 12. Bxf5 exf5 13. Bf4 Bd7 14. Qb3 Bc6 15. Rfe1 Kh8 16. Rac1 g5 17. exf6 Bxf6 18. Be5 g4 19. Bxf6+ Qxf6 20. Ne5 f4 21. Nxg4 Qxd4 22. Ne5 Rae8 23. Qa3 Rg8 24. Qd6 Ref8 25. Qh6 Rf5 26. Nxc6 bxc6 27. Re7 Rg7 28. Re8+ Rg8 29. Re7 Rg7 30. Rxg7 Qxg7 31. Qxg7+ Kxg7 32. Rxc6 d4 33. Kf1 d3 34. Rd6 Rc5 35. Rxd3 Rc2 36. Rb3 Kg6 37. g3 Kf5 38. Rf3 Rxb2 39. Rxf4+ Kg5 40. h4+ Kh5 41. Ra4 Rb7 42. Ra6 h6 43. Kg2 Rg7 44. Rc6 Rd7 45. Kh3 Rd3 46. Rf6 a5 47. f3 a4 48. g4# 1-0

[Event "Fagernes Chess GM-Swiss 2025"]
[Site "Fagernes"]
[Date "2025.04.13"]
[Round "1.22"]
[White "Simonsen, David Mindestrommen"]
[Black "Miezis, Normunds"]
[Result "0-1"]
[Annotator "ChessBase"]
[ECO "B40"]
[WhiteElo "2034"]
[BlackElo "2409"]
[PlyCount "86"]
[EventDate "2025.04.12"]
[EventCountry "NOR"]
[SourceTitle "playchess.com"]
[Source "ChessBase"]
[SourceQuality "1"]
[TimeControl "40/6000+30:2400+30"]

1. e4 c5 2. Nf3 e6 3. g3 Nc6 4. Bg2 Nf6 5. Nc3 e5 6. d3 h6 7. O-O d6 8. Nd2 Nd4 9. Nc4 b5 10. Ne3 h5 11. Ncd5 Nxd5 12. Nxd5 h4 13. c3 Nc6 14. f4 hxg3 15. hxg3 Be6 16. f5 Bxd5 17. exd5 Nb8 18. a4 b4 19. a5 Nd7 20. Qa4 Rb8 21. Be3 Be7 22. Qc6 O-O 23. c4 e4 24. d4 Rc8 25. Qa6 Bf6 26. dxc5 Nxc5 27. Qxa7 Bxb2 28. Ra2 Ra8 29. Bxc5 Rxa7 30. Bxa7 Be5 31. f6 b3 32. Re2 Qxa5 33. Be3 Qc3 34. Bxe4 Qxc4 35. Bf3 Bxf6 36. Rh2 Re8 37. Kf2 Rxe3 38. Rfh1 Rxf3+ 39. Kxf3 g6 40. Re1 Qxd5+ 41. Kf2 Bd4+ 42. Kf1 Qf3+ 43. Rf2 Qxf2# 0-1